 Dungeon Crawl Stone Soup version 0.24-a0-736-g4e6fe308c7 (webtiles) character file.

Game seed: 11921619457190987402, levelgen mode: deterministic

3493 Arixos the Sneak (level 9, -2/40 HPs)
             Began as a Felid Transmuter on Oct 2, 2019.
             Was a Believer of Sif Muna.
             Killed by nerve-wracking pain
             ... invoked by an orc priest
              (8 damage)
             ... on level 10 of the Dungeon.
             The game lasted 01:44:16 (12117 turns).

Arixos the Sneak (Felid Transmuter)                Turns: 12117, Time: 01:44:17

Health: -2/40      AC:  2    Str:  7    XL:     9   Next: 80%
Magic:  17/17      EV: 29    Int: 16    God:    Sif Muna [**....]
Gold:   387        SH:  0    Dex: 22    Spells: 6/18 levels left
                                        Lives:  0   Deaths: 2

rFire    . . .     SeeInvis +     - Unarmed
rCold    . . .     Gourm    .   (shield unavailable)
rNeg     . . .     Faith    .   (armour unavailable)
rPois    x         Spirit   .   (helmet unavailable)
rElec    .         Reflect  .   (cloak unavailable)
rCorr    .         Harm     .   (gloves unavailable)
MR       +....                  (boots unavailable)
Stlth    +++++.....             (no amulet)
HPRegen  0.13/turn              u - ring of stealth
MPRegen  0.15/turn              (no ring)

@: spider-form (expiring)
A: tiny, no armour, no weapons or thrown items, stealth, see invisible,
carnivore, slow metabolism 1
a: End Transformation, Channel Magic, Renounce Religion


You were on level 10 of the Dungeon.
You worshipped Sif Muna.
Sif Muna was pleased with you.
You were full.
You were a venomous arachnid creature.
You visited 2 branches of the dungeon, and saw 11 of its levels.
You also visited: Bailey.

You collected 387 gold pieces.

Inventory:

Missiles
 a - 177 arrows
Jewellery
 u - a ring of stealth (left front leg)
Wands
 r - a wand of flame (22)
Scrolls
 d - a scroll of blinking
 h - a scroll of teleportation
 k - 2 scrolls of identify
 p - 4 scrolls of remove curse
 s - a scroll of torment {unknown}
 t - a scroll of acquirement {unknown}
Potions
 b - 2 potions of curing
 e - a potion of ambrosia {unknown}
 f - a potion of cancellation {unknown}
 g - a potion of lignification
 i - 2 potions of flight {unknown}
 j - 2 potions of heal wounds {unknown}
 l - 2 potions of degeneration {unknown}
 m - a potion of brilliance {unknown}
 n - 3 potions of haste {unknown}
 o - 2 potions of magic {unknown}
 q - a potion of agility
Comestibles
 c - 20 rations


   Skills:
 + Level 5.3 Fighting
 + Level 7.7 Dodging
 + Level 7.9 Stealth
 + Level 6.2 Unarmed Combat
 + Level 5.3 Spellcasting
 - Level 4.3 Hexes
 - Level 4.1 Translocations
 + Level 6.3 Transmutations
 - Level 2.0 Ice Magic
 - Level 4.1 Poison Magic


You had 6 spell levels left.
You knew the following spells:

 Your Spells              Type           Power        Failure   Level  Hunger
a - Beastly Appendage     Tmut           ###...       5%          1    None
c - Confusing Touch       Hex            ###...       10%         1    None
d - Sticks to Snakes      Tmut           ###.....     7%          2    #......
g - Apportation           Tloc           ###...       10%         1    None
i - Ice Form              Ice/Tmut       ###.....     47%         4    ####...
s - Spider Form           Tmut/Pois      ###.......   14%         3    ###....

Your spell library contained the following spells:

 Spells                   Type           Power        Failure   Level  Hunger
 Animate Skeleton         Necr           N/A          34%         1    None
 Summon Small Mammal      Summ           #...         34%         1    None
 Blade Hands              Tmut           ###.......   52%         5    ######.


Dungeon Overview and Level Annotations

Branches:
Dungeon (10/15)            Temple (1/1) D:6          Bailey (visited)
   Lair: D:8-11         Orc: D:9-12

Altars:
Ashenzari
Cheibriados
Dithmenos
Elyvilon
Fedhas
Gozag
Hepliaklqana
Kikubaaqudgha
Makhleb
Nemelex Xobeh
Okawaru
Qazlal
Ru
Sif Muna
Trog
Uskayaw
Wu Jian
Xom
Yredelemnul
The Shining One

Annotations:
D:6 Kairok's ghost, novice VSAs
D:8 Harold; Prince Ribbit
D:9 Psyche


Innate Abilities, Weirdness & Mutations

You cannot wear armour.
You are incapable of wielding weapons or throwing items.
Your paws allow you to move quietly. (Stealth)
((You have sharp claws.))
((You have razor-sharp teeth.))
You have supernaturally acute eyesight. (SInv)
You are carnivorous and can eat meat at any time.
((You cover ground quickly.))
((You are covered in thick fur. (AC +2)))
You have a slow metabolism.
((Your sharp claws are effective at attacking unaware monsters.))


Message History

The orc warrior hits you with a +0 hand axe!!
Ouch! That really hurt!
You pounce on the helpless orc warrior from behind!
You hit the orc warrior but do no damage.
The orc warrior is poisoned.
You hit the orc warrior.
The orc warrior looks as sick as possible!
The orc warrior is moderately wounded.
The orc warrior hits you with a +0 hand axe!
* * * LOW HITPOINT WARNING * * *
The orc warrior seems less confused.
Sif Muna accepts your kill.
You feel a bit more experienced.
You start resting.
Your transformation is almost over.
You start resting.
The orc priest is too close now for your liking.
The orc priest invokes the aid of Beogh against you.
Pain shoots through your body!
You die...

..###...####.# #.
#.#.##### #.# #. #.#.#
#.# #. ## #.#.# #.# #.
#.. #.#.# #.# #. #.# #
#.#.# #.# #. #.# #.
#.#.# #.# #. #.# #.
#.#.########.# #. #.#
#..#.......s....# #.
#.####..###o##########
#. ..........#.# #.
..#######.#.# #.
........o.o.# #.
.########.### #. .#
#.# #. .########.# ##
..........#


You could see an orc priest.

Vanquished Creatures
  A two-headed ogre (D:8)
  An orc sorcerer (Bailey)
  A wyvern (D:10)
  Duvessa (D:4)
  A necrophage (D:5)
  4 orc warriors
  A black bear (D:6)
  3 ice beasts
  An eye of draining (D:3)
  A phantom (D:7)
  2 ogres
  3 centaurs
  A big kobold (D:9)
  9 bullfrogs
  Dowan (D:4)
  A wyvern skeleton (D:10)
  3 scorpions (D:10)
  A wight (D:6)
  2 howler monkeys
  2 bullfrog zombies
  A crimson imp (D:10)
  4 hounds
  2 centaur skeletons
  4 orc priests
  3 bullfrog skeletons
  7 orc wizards
  8 worker ants
  A killer bee zombie (D:5)
  A hound zombie (D:6)
  A hound skeleton (D:5)
  A worker ant zombie (D:10)
  A gnoll (Bailey)
  A howler monkey skeleton (D:6)
  14 adders
  A shadow imp (D:10)
  4 oozes
  2 adder skeletons
  A worm (D:5)
  4 dart slugs
  4 leopard geckos
  31 orcs
  6 bats
  8 giant cockroaches
  15 goblins
  11 hobgoblins
  5 jackals
  6 kobolds
  4 quokkas
  2 ball pythons (D:1)
  7 frilled lizards
  A giant cockroach zombie (D:6)
  2 quokka skeletons
  6 rats
209 creatures vanquished.

Notes
Turn   | Place    | Note
-------+----------+-------------------------------------------
     0 | D:1      | Arixos the Felid Transmuter began the quest for the Orb.
     0 | D:1      | Reached XP level 1. HP: 9/9 MP: 4/4
   210 | D:2      | Reached XP level 2. HP: 3/12 MP: 6/6
   239 | D:2      | Learned a level 2 spell: Sticks to Snakes
   413 | D:2      | Reached skill level 1 in Stealth
   689 | D:1      | You fall into a shaft and drop 1 floor!
   776 | D:2      | Reached XP level 3. HP: 6/15 MP: 7/7
  1041 | D:1      | Learned a level 3 spell: Spider Form
  1931 | D:2      | Reached XP level 4. HP: 14/19 MP: 5/8
  2169 | D:2      | Found a shattered altar of Ashenzari.
  3038 | D:3      | Noticed an eye of draining
  3191 | D:3      | Found a shadowy altar of Dithmenos.
  3191 | D:3      | Found a white marble altar of Elyvilon.
  3203 | D:3      | Found a burning altar of Makhleb.
  3359 | D:3      | Found a bloodstained altar of Trog.
  3412 | D:3      | Killed an eye of draining
  3412 | D:3      | Reached skill level 1 in Poison Magic
  3412 | D:3      | Reached XP level 5. HP: 22/22 MP: 0/10
  3769 | D:4      | Found a shimmering altar of Xom.
  3821 | D:4      | Gained mutation: You are covered in thick fur. (AC +2)
                  | [Felid growth]
  3821 | D:4      | Reached XP level 6. HP: 13/26 MP: 7/11
  3848 | D:4      | Noticed Duvessa
  3850 | D:4      | Noticed Dowan
  3879 | D:4      | Killed Duvessa
  3894 | D:4      | Killed Dowan
  4317 | D:5      | Entered Level 5 of the Dungeon
  4370 | D:5      | Reached XP level 7. HP: 28/30 MP: 8/12
  4376 | D:5      | Learned a level 4 spell: Ice Form
  4410 | D:5      | Found a basalt altar of Yredelemnul.
  4527 | D:5      | Slain by a centaur
  4528 | D:5      | Reached XP level 6. HP: -1/27 MP: 9/11
  4637 | D:5      | Reached skill level 5 in Dodging
  4845 | D:5      | Reached skill level 1 in Ice Magic
  4845 | D:5      | Reached XP level 7. HP: 31/31 MP: 10/13
  5019 | D:5      | Learned a level 1 spell: Apportation
  5021 | D:5      | Learned a level 1 spell: Confusing Touch
  5405 | D:6      | Reached skill level 5 in Stealth
  5460 | D:6      | Reached skill level 1 in Hexes
  5460 | D:6      | Reached skill level 1 in Translocations
  5861 | D:6      | Reached XP level 8. HP: 27/34 MP: 10/14
  6364 | D:6      | Found a staircase to the Ecumenical Temple.
  6370 | Temple   | Entered the Ecumenical Temple
  6646 | Temple   | Became a worshipper of Sif Muna the Loreminder
  7347 | D:7      | Found a hide-covered altar of Uskayaw.
  7572 | D:7      | Reached skill level 5 in Unarmed Combat
  7593 | D:7      | Reached skill level 5 in Transmutations
  8006 | D:7      | Found an opulent altar of Gozag.
  8065 | D:7      | Reached XP level 9. HP: 39/39 MP: 11/16
  8383 | D:7      | Found a runed translucent gate.
  8384 | D:7      | Found a runed translucent gate.
  8385 | D:7      | Found a runed translucent gate.
  8386 | D:7      | Found an opulent altar of Gozag.
  8387 | D:7      | Noticed Kairok's ghost (novice VSAs)
  8387 | D:7      | Noticed a tengu conjurer
  8960 | D:6      | Slain by Kairok's ghost
  8961 | D:6      | Reached XP level 8. HP: -2/36 MP: 15/15
  9222 | D:8      | Found a flagged portal.
  9233 | Bailey   | Entered a bailey
  9393 | Bailey   | Found an iron altar of Okawaru.
  9393 | Bailey   | Noticed an orc sorcerer
  9393 | Bailey   | Noticed a kobold demonologist
  9408 | Bailey   | Reached * piety under Sif Muna
  9425 | Bailey   | Noticed a sun demon
  9431 | Bailey   | Killed an orc sorcerer
  9819 | D:8      | Noticed Harold
  9837 | D:8      | Noticed a two-headed ogre
  9867 | D:8      | Noticed Prince Ribbit
  9876 | D:8      | Killed a two-headed ogre
  9876 | D:8      | Reached skill level 5 in Spellcasting
  9876 | D:8      | Reached XP level 9. HP: 3/40 MP: 6/17
 10203 | D:9      | Reached skill level 5 in Fighting
 10314 | D:9      | Noticed Psyche
 10320 | D:10     | Entered Level 10 of the Dungeon
 11492 | D:10     | Reached ** piety under Sif Muna
 12117 | D:10     | Killed from afar by an orc priest

Levels and vault maps discovered:
D:1:      evilmike_arrival_crescent, layout_basic
D:2:      layout_loops_ring, overflow_temple_1_default, grunt_ministairs_10
D:3:      layout_rooms, trog_eyes_of_draining,
          gammafunk_temple_overflow_elements, kennysheep_flooded_box
D:4:      layout_loops_ring, kennysheep_mini, first_ration, uniq_duvessa
D:5:      layout_basic, yredelemnul_altar_generic, fountainhead
D:6:      layout_loops_corners, minmay_temple_entry_butterflies
D:7:      layout_cave_pools, lemuel_crystal_altar, lemuel_doored_altar,
          ebering_ghost_gozag
D:8:      layout_rooms, nicolae_overflow_hidden_temple, enter_bailey_1,
          uniq_prince_ribbit1, uniq_harold
D:9:      layout_stronghold, vehumet_altar_wand_db, lair_entry_dummy,
          blue_anna_alchemist [blue_anna_fruit_fields, blue_anna_fruit_fields],
          uniq_psyche, uniq_gastronok
D:10:     layout_basic, nrook_mini_backslash
Temple:   hc_temple_tempest_star

Skill      XL: |  1  2  3  4  5  6  7  8  9 |
---------------+----------------------------+-----
Dodging        | 3 4 5 7 |  7.7
Stealth        | 1 2 3 4 5 7 |  7.9
Transmutations | 3 4 5 6 |  6.3
Fighting       | 2 3 4 5 |  5.3
Poison Magic   | 1 2 4 |  4.1
Spellcasting   | 3 5 |  5.3
Unarmed Combat | 4 5 6 |  6.2
Ice Magic      | 1 2 |  2.0
Hexes          | 1 4 |  4.3
Translocations | 1 4 |  4.1

Action                   |  1- 3 |  4- 6 |  7- 9 || total
-------------------------+-------+-------+-------++-------
Melee: Unarmed           |   135 |   184 |   508 ||   827
       Bite              |     9 |     6 |     2 ||    17
       Headbutt          |     4 |     3 |       ||     7
 Cast: Beastly Appendage |    20 |    10 |       ||    30
       Spider Form       |       |    16 |    59 ||    75
       Confusing Touch   |       |       |    45 ||    45
       Sticks to Snakes  |       |       |    11 ||    11
       Ice Form          |       |       |     2 ||     2
 Abil: End Transformatio |       |       |     1 ||     1
  Use: Potion            |       |     2 |     6 ||     8
       Scroll            |       |     5 |    10 ||    15
 Stab: Sleeping          |    17 |    11 |    21 ||    49
       Confused          |       |       |    39 ||    39
       Distracted        |       |       |     1 ||     1
  Eat: Chunk             |    10 |     8 |    19 ||    37
       Ration            |       |       |     1 ||     1
Armor: Skin              |     7 |     8 |    36 ||    51
Dodge: Dodged            |   124 |   129 |   417 ||   670

Table legend:
 A = Non-vault XP
 B = Vault XP
 C = Vault XP percentage of total XP
 D = Non-vault monster count
 E = Vault monster count
 F = Vault count percentage of total count
                 A         B        C        D         E       F
            +---------+---------+-------+---------+---------+-------
      Total |    5805 |    1184 |  16.9 |     187 |      22 |  10.5
            +---------+---------+-------+---------+---------+-------
        D:1 |      55 |       0 |   0.0 |      29 |       0 |   0.0
        D:2 |      65 |       3 |   4.4 |      23 |       2 |   8.0
        D:3 |      48 |     128 |  72.7 |      13 |       3 |  18.8
        D:4 |     138 |     217 |  61.1 |      15 |       2 |  11.8
        D:5 |     828 |       0 |   0.0 |      25 |       0 |   0.0
        D:6 |     998 |     116 |  10.4 |      24 |       2 |   7.7
        D:7 |    1026 |      44 |   4.1 |      24 |       1 |   4.0
        D:8 |    1118 |       0 |   0.0 |       5 |       0 |   0.0
        D:9 |     107 |      97 |  47.5 |       2 |       1 |  33.3
       D:10 |    1422 |       0 |   0.0 |      27 |       0 |   0.0
     Bailey |       0 |     579 | 100.0 |       0 |      11 | 100.0
            +---------+---------+-------+---------+---------+-------
